 Dungeon Crawl Stone Soup version 0.27.0-1-g7a089689b8 (webtiles) character file.

Game seed: 12044464030022779132

350 bnorton916 the Magician (level 6, 0/32 HPs)
             Began as a Deep Elf Conjurer on Aug 12, 2021.
             Was an Initiate of Vehumet.
             Slain by a lemure (3 damage)
             ... led by Pikel
             ... on level 4 of the Dungeon.
             The game lasted 00:05:51 (4879 turns).

bnorton916 the Magician (Deep Elf Conjurer)         Turns: 4879, Time: 00:05:51

Health: 0/32       AC:  2    Str:  3 (4)  XL:     6   Next: 34%
Magic:  12/17      EV: 12    Int: 25      God:    Vehumet [......]
Gold:   213        SH:  0    Dex: 11 (13) Spells: 15/18 levels left

rFire    . . .     SeeInvis .   (no weapon)
rCold    . . .     Faith    .   (no shield)
rNeg     . . .     Spirit   .   a - +0 robe
rPois    .         Reflect  .   (no helmet)
rElec    .         Harm     .   (no cloak)
rCorr    .         Rampage  .   (no gloves)
Will     .....                  (no boots)
Stlth    ++........             (no amulet)
HPRegen  0.10/turn              (no ring)
MPRegen  0.15/turn              (no ring)

@: no status effects
A: no striking features
a: Renounce Religion


You were on level 4 of the Dungeon.
You worshipped Vehumet.
Vehumet was noncommittal.
You visited 1 branch of the dungeon, and saw 5 of its levels.

You collected 213 gold pieces.

Inventory:

Missiles
 k - 19 stones
Armour
 a - a +0 robe (worn)
 j - a +0 buckler
Scrolls
 e - 2 scrolls of teleportation
 f - a scroll of enchant weapon
Potions
 b - 2 potions of lignification
 h - 3 potions of heal wounds
 i - a potion of haste
 l - a potion of berserk rage


   Skills:
 - Level 2.4 Dodging
 - Level 2.4 Stealth
 + Level 0.1 Shields
 + Level 6.7 Spellcasting
 + Level 6.7 Conjurations


You had 15 spell levels left.
You knew the following spells:

 Your Spells              Type           Power      Damage    Failure   Level
a - Magic Dart            Conj           100%       1d8       1%          1
b - Searing Ray           Conj           84%        3d6       1%          2

Your spell library contained the following spells:

 Spells                   Type           Power      Damage    Failure   Level
 Dazzling Flash           Conj/Hex       50%        N/A       5%          3
 Fulminant Prism          Conj/Hex       12%        3d9       17%         4
 Iskenderun's Mystic Bla  Conj/Tloc      25%        2d7       17%         4
 Gell's Gravitas          Tloc           4%         N/A       21%         3
 Lesser Beckoning         Tloc           4%         N/A       21%         3
 Teleport Other           Tloc           8%         N/A       21%         3


Dungeon Overview and Level Annotations

Branches:
Dungeon (5/15)
 Temple: D:4-7

Altars:
Elyvilon
Vehumet
Xom
Yredelemnul

Annotations:
D:5 Pikel


Message History

Aim: Pikel, wielding a +1 whip of freezing and wearing a +0 robe (77% to hit)
The searing ray hits Pikel!
Pikel is moderately wounded. (Press . to maintain the ray.) Unknown command.
The searing ray hits Pikel but does no damage.
Pikel is moderately wounded.
The searing ray hits the lemure!
The lemure is moderately wounded.
The searing ray misses Pikel.
The lemure hits you.
A lemure comes into view.
The searing ray hits Pikel.
Pikel is moderately wounded.
You finish channeling your searing ray.
The lemure hits you.
Pikel hits you with a +1 whip of freezing.
Pikel freezes you.
A lemure comes into view.
The lemure hits you!
* * * LOW HITPOINT WARNING * * *
Pikel closely misses you.
Unknown command.
There is an open door here.
There is a stone staircase leading up here.
The lemure barely misses you.
You climb upwards.
There is a stone staircase leading down here.
The lemure hits you!
* * * LOW HITPOINT WARNING * * *
The lemure closely misses you. The human closely misses you.
Casting: Searing Ray (safe; 1% risk of failure)
Confirm with . or Enter, or press ? or * to list all spells.
Aiming: Searing Ray (safe; 1% risk of failure)
Press: ? - help, Shift-Dir - straight line, f - lemure
Aim: a lemure (moderately wounded, 77% to hit)
The searing ray hits the lemure!
The lemure is severely wounded. (Press . to maintain the ray.)
The lemure hits you.
You die...

#...##
#.......#...###
#.#..####
#########......
#.##....### #####..
#.#####...#### ###
#.# #........### ##.
#.#
#.###.##...########..
#<# #.#
#.####.......[...
#.###.###p#
######......
#.#...##@.#
##...##...
#.#.####.5###
#[.####... #...#
#....####.## #...
##..# ##.....##.#
#... #..# #.....#..#
#... #.##
#.###...######.#. #.#
#..>..[........## #.#
##..#.#######.... #.#
#..#..# #.#..


You could see a lemure and a neutral human.

Vanquished Creatures
  An ogre (D:4)
  An orc priest (D:3)
  A bullfrog skeleton (D:4)
  3 iguanas
  An orc wizard (D:3)
  A hound skeleton (D:4)
  2 adders
  A worm (D:3)
  A dart slug (D:2)
  7 orcs (D:3)
  5 ball pythons
  5 bats
  6 endoplasms
  3 giant cockroaches (D:1)
  5 goblins
  6 hobgoblins
  4 jackals (D:1)
  3 kobolds
  3 quokkas
  3 frilled lizards
  A jackal zombie (D:4)
  A kobold zombie (D:4)
  2 rats
66 creatures vanquished.

Vanquished Creatures (others)
  A fungus (D:1)
  3 plants (D:1)
4 creatures vanquished.

Grand Total: 70 creatures vanquished

Notes
Turn   | Place    | Note
-------+----------+-------------------------------------------
     0 | D:1      | bnorton916 the Deep Elf Conjurer began the quest for the
                  | Orb.
     0 | D:1      | Reached XP level 1. HP: 10/10 MP: 6/6
   187 | D:1      | Reached XP level 2. HP: 15/15 MP: 4/8
  1059 | D:1      | Found a faded altar of an unknown god.
  1245 | D:1      | Became a worshipper of Elyvilon the Healer
  1245 | D:1      | Reached * piety under Elyvilon
  1625 | D:2      | Found a shimmering altar of Xom.
  1756 | D:2      | Reached skill level 5 in Conjurations
  1756 | D:2      | Reached XP level 3. HP: 19/19 MP: 7/10
  1787 | D:2      | Learned a level 2 spell: Searing Ray
  2596 | D:3      | Reached XP level 4. HP: 3/24 MP: 0/12
  2883 | D:3      | Reached ** piety under Elyvilon
  2885 | D:3      | Found a shimmering altar of Xom.
  3048 | D:3      | Elyvilon protects you from harm!
  3062 | D:3      | Reached skill level 5 in Spellcasting
  3353 | D:3      | Reached XP level 5. HP: 28/28 MP: 10/15
  3716 | D:3      | Found a radiant altar of Vehumet.
  3781 | D:3      | Fell from the grace of Elyvilon
  3781 | D:3      | Became a worshipper of Vehumet
  4129 | D:4      | Noticed an ogre
  4131 | D:4      | HP: 1/28 [ogre (27)]
  4133 | D:4      | Killed an ogre
  4134 | D:4      | Reached XP level 6. HP: 2/32 MP: 10/17
  4481 | D:4      | Found a runed translucent door.
  4481 | D:4      | Noticed a human
  4492 | D:4      | Found a basalt altar of Yredelemnul.
  4838 | D:5      | Entered Level 5 of the Dungeon
  4850 | D:5      | Noticed Pikel
  4879 | D:4      | Slain by a lemure

Illustrated notes

Levels and vault maps discovered:
D:1:      dpeg_arrival_long_road, layout_basic,
          shapermc_ecumenical_altar_mp_ritualfount, serial_aquarium,
          aquarium_bridge_square [aquarium_subvault_bridge,
          aquarium_subvault_bridge, aquarium_subvault_wall,
          aquarium_subvault_balcony], aquarium_window_1, aquarium_window_corner,
          aquarium_view_2c, aquarium_view_2d, aquarium_pool_S, fountainhead
D:2:      cheibrodos_helix_gallery, layout_basic, basic_altar
D:3:      layout_rooms, mainiacjoe_overflow_cross_hatched,
          general_overflow_altar
D:4:      layout_rooms, dk_yredelemnul_ordeal, hex_tiny
D:5:      layout_basic, minmay_temple_entry_grid,
          nicolae_ossuary_entry_monument, uniq_pikel

Skill      XL: |  1  2  3  4  5 |
---------------+----------------+-----
Spellcasting   | 4 5 6 |  6.7
Conjurations   | 5 6 |  6.7
Dodging        | |  2.4
Stealth        | |  2.4
Shields        | |  0.1

Action                   |  1- 3 |  4- 6 || total
-------------------------+-------+-------++-------
Melee: Unarmed           |    16 |       ||    16
 Cast: Magic Dart        |    68 |    56 ||   124
       Searing Ray       |     1 |    14 ||    15
  Use: Potion            |       |     2 ||     2
       Scroll            |       |     7 ||     7
Armor: Robe              |     2 |     1 ||     3
Dodge: Dodged            |     4 |    12 ||    16
